 Dungeon Crawl Stone Soup version 0.25-a0-294-gea9b1ad378 (webtiles) character file.

Game seed: 15993452170395916120, levelgen mode: deterministic

97 mopl the Digger (level 4, 0/41 HPs)
             Began as a Troll Earth Elementalist on Dec 16, 2019.
             Slain by a goblin
             ... wielding a +0 club
             ... led by Robin
              (3 damage)
             ... on level 2 of the Dungeon.
             The game lasted 00:02:28 (1483 turns).

mopl the Digger (Troll Earth Elementalist)          Turns: 1483, Time: 00:02:29

Health: 0/41       AC:  6    Str: 16    XL:     4   Next: 42%
Magic:  5/5        EV: 10    Int: 11    God:
Gold:   84         SH:  0    Dex: 11    Spells: 3/6 levels left

rFire    . . .     SeeInvis .     - Unarmed
rCold    . . .     Gourm    +   (no shield)
rNeg     . . .     Faith    .   c - +0 robe
rPois    .         Spirit   .   (helmet restricted)
rElec    .         Reflect  .   (no cloak)
rCorr    .         Harm     .   (gloves unavailable)
MR       .....                  (boots unavailable)
Stlth    +.........             (no amulet)
HPRegen  0.53/turn              (no ring)
MPRegen  0.09/turn              (no ring)

@: no status effects
A: large, unfitting armour, claws 3, fast metabolism 3, gourmand, regeneration
1, shaggy fur 1, tough skin 3
a: no special abilities


You were on level 2 of the Dungeon.
You were very full.

You visited 1 branch of the dungeon, and saw 2 of its levels.

You collected 84 gold pieces.

Inventory:

Missiles
 b - 81 stones (quivered)
Armour
 c - a +0 robe (worn)
Scrolls
 f - a scroll of identify {unknown}
 h - a scroll of remove curse {unknown}
Potions
 a - a potion of agility {unknown}
 e - a potion of degeneration {unknown}
 g - a potion of curing {unknown}
Comestibles
 d - 5 rations
 i - 8 chunks of flesh


   Skills:
 + Level 1.1 Fighting
 - Level 1.5 Dodging
 - Level 1.0 Stealth
 + Level 1.7 Unarmed Combat
 + Level 1.8 Spellcasting
 + Level 1.2 Transmutations
 + Level 3.2 Earth Magic


You had 3 spell levels left.
You knew the following spells:

 Your Spells              Type           Power        Failure   Level  Hunger
a - Sandblast             Erth           #.....       8%          1    ##.....
p - Passwall              Tmut/Erth      #.......     19%         2    ###....

Your spell library contained the following spells:

 Spells                   Type           Power        Failure   Level  Hunger
 Stone Arrow              Conj/Erth      #.....       43%         3    ####...
 Petrify                  Tmut/Erth      #.......     75%         4    #####..
 Lee's Rapid Deconstruct  Erth           #.........   91%         5    ######.


Dungeon Overview and Level Annotations

Branches:
Dungeon (2/15)

Altars:
Uskayaw
Xom

Annotations:
D:2 Robin


Innate Abilities, Weirdness & Mutations

You are too large for most types of armour.
You have claws for hands.
Your metabolism is lightning-fast.
You like to eat raw meat.
Your natural rate of healing is unusually fast.
You are covered in fur. (AC +1)
You have extremely tough skin. (AC +3)


Message History

Robin roars a battlecry!
The goblin goes into a battle-frenzy!
The goblin hits you with a +0 dagger.
* * * LOW HITPOINT WARNING * * *
The goblin hits you with a +0 club.
* * * LOW HITPOINT WARNING * * *
Things that are here:
a cursed +0 club; a goblin corpse Robin throws the goblin at you!
The goblin misses you. The goblin hits you with a +0 club.
* * * LOW HITPOINT WARNING * * *
The goblin no longer looks unusually strong. x2
The goblin hits you but does no damage.
Robin roars a battlecry!
The goblins go into a battle-frenzy!
The goblin misses you.
You see here a rat skeleton.
The goblin hits the plant but does no damage.
Robin throws the goblin at you! The goblin hits you with a +0 club.
You die...

...#....##.....# .# #..#....
...######.P♣P...#####+####..#.##.
..># ##...P♣PP............†.....
..÷####....♣♣P♣P..........#÷#.##.
.<......♣.♣♣ P♣PP........#......
........P♣♣ ♣♣P♣....[.)..#...###
..........♣ ♣♣P.P.........#...#
........P.♣P♣.P.P.........#)###
#########.♣♣P.P.@g........#.#
##÷).gPg....####.##.#
#.)..÷.....# #..#.#
#######).g.g..(..# ##.#.#
#................# .#.#
#................# ....
####..)(_.((........# ...
........†..########## ...
...8.......#


You could see Robin and 4 goblins.

Vanquished Creatures
  Terence (D:2)
  2 adders (D:2)
  A worm (D:2)
  2 dart slugs (D:1)
  9 goblins
  5 hobgoblins
  2 jackals (D:2)
  6 bats
  3 frilled lizards
  7 kobolds
  10 rats
48 creatures vanquished.

Notes
Turn   | Place    | Note
-------+----------+-------------------------------------------
     0 | D:1      | mopl the Troll Earth Elementalist began the quest for the
                  | Orb.
     0 | D:1      | Reached XP level 1. HP: 16/16 MP: 1/1
   360 | D:1      | Reached XP level 2. HP: 24/24 MP: 3/3
   364 | D:1      | Learned a level 2 spell: Passwall
   501 | D:1      | Reached skill level 1 in Unarmed Combat
   687 | D:1      | Reached skill level 3 in Earth Magic
  1122 | D:2      | Reached XP level 3. HP: 31/31 MP: 4/4
  1149 | D:2      | Reached skill level 1 in Transmutations
  1160 | D:2      | Noticed Terence
  1202 | D:2      | Killed Terence
  1202 | D:2      | Reached XP level 4. HP: 40/40 MP: 3/5
  1267 | D:2      | Reached skill level 1 in Fighting
  1368 | D:2      | Found a shimmering altar of Xom.
  1385 | D:2      | Found a hide-covered altar of Uskayaw.
  1385 | D:2      | Noticed Robin
  1479 | D:2      | HP: 1/41 [goblin/+0 club[Robin] (3)]
  1483 | D:2      | Slain by a goblin

Levels and vault maps discovered:
D:1:      scummos_arrival_simple_crosswalls, layout_basic, roderic_lattice_a,
          minmay_indecisive_spiral
D:2:      layout_basic, xom_teletrap_fun, eat_drink_and_be_merry_uskayaw,
          serial_forest, infiniplex_forest_clump_large, infiniplex_forest_end_2,
          infiniplex_forest_lined_4_way, infiniplex_forest_lined_corner,
          infiniplex_forest_pool, infiniplex_forest_straight_4, uniq_robin,
          uniq_terence

Skill      XL: |  1  2  3  4 |
---------------+-------------+-----
Unarmed Combat | 1 |  1.7
Earth Magic    | 3 |  3.2
Transmutations | 1 |  1.2
Fighting       | 1 |  1.1
Dodging        | |  1.5
Stealth        | |  1.0
Spellcasting   | |  1.8

Action                   |  1- 3 |  4- 6 || total
-------------------------+-------+-------++-------
Melee: Unarmed           |   119 |    65 ||   184
 Cast: Sandblast         |     5 |       ||     5
 Stab: Sleeping          |     1 |       ||     1
  Eat: Chunk             |    16 |     3 ||    19
Armor: Robe              |    41 |    39 ||    80
Dodge: Dodged            |    59 |    46 ||   105

Table legend:
 A = Non-vault XP
 B = Vault XP
 C = Vault XP percentage of total XP
 D = Non-vault monster count
 E = Vault monster count
 F = Vault count percentage of total count
                 A         B        C        D         E       F
            +---------+---------+-------+---------+---------+-------
      Total |      86 |      53 |  38.1 |      37 |      11 |  22.9
            +---------+---------+-------+---------+---------+-------
        D:1 |      32 |       6 |  15.8 |      19 |       4 |  17.4
        D:2 |      54 |      47 |  46.5 |      18 |       7 |  28.0
            +---------+---------+-------+---------+---------+-------
